 Dungeon Crawl Stone Soup version 0.30.0-29-ga12c61a403 (webtiles) character file.

Game seed: 15905136777817057997

6353 croobank the Sneak (level 10, -15/81 HPs)
             Began as a Demigod Fire Elementalist on June 22, 2023.
             Killed from afar by Fannar (21 damage)
             ... with a bolt of cold
             ... on level 1 of the Lair of Beasts on June 23, 2023.
             The game lasted 00:52:32 (10460 turns).

croobank the Sneak (Demigod Fire Elementalist)     Turns: 10460, Time: 00:52:33

Health: -15/81     AC:  7    Str:  9    XL:     10   Next: 38%
Magic:  7/21       EV: 13    Int: 29    God:
Gold:   295        SH:  0    Dex: 14    Spells: 0/19 levels left

rFire   + . .        x - +2 dagger (flame)
rCold   . . .        (no shield)
rNeg    . . .        O - +1 leather armour "Beot" {rPois}
rPois   +            o - +2 helmet
rElec   .            (no cloak)
rCorr   .            (no gloves)
SInv    .            (no boots)
Will    +....        (no amulet)
Stlth   +++          p - ring of protection from fire
HPRegen 0.33/turn    (no ring)
MPRegen 0.17/turn

%: no passive effects
@: no status effects
A: high MP 1, forlorn, divine attributes
a: no special abilities


You were on level 1 of the Lair of Beasts.
You visited 2 branches of the dungeon, and saw 10 of its levels.
You also visited: Ossuary and Bailey.

You collected 537 gold pieces.
You spent 242 gold pieces at shops.

Inventory:

Hand Weapons
 a - a +3 spear
 b - a +0 arbalest
 d - a +2 long sword of holy wrath
 h - a +0 short sword
 n - a +0 war axe
 v - a +0 trident
 x - a +2 dagger of flaming (weapon)
 A - a +0 spear of venom
 C - a +0 scimitar
 G - a +2 vampiric hand axe
 I - a +5 mace
 L - a +5 morningstar of freezing
Missiles
 c - 3 silver javelins
 f - 11 javelins
 l - 2 poisoned darts
 E - 7 curare-tipped darts
Armour
 i - a +0 ring mail
 j - a +0 leather armour
 o - a +2 helmet (worn)
 y - the +0 robe "Erchyuch" {rN+ Dex+3}
   (You found it on level 6 of the Dungeon)

   Dex:       It affects your dexterity (+3).
   rN:        It protects you from negative energy.
 z - +1 steam dragon scales
 B - the +2 robe "Tusm" {-Cast rCorr Str+3}
   (You found it in an ossuary)

   Str:       It affects your strength (+3).
   -Cast:     It prevents spellcasting.
   rCorr:     It protects you from acid and corrosion.
 O - the +1 leather armour "Beot" (worn) {rPois}
   (You bought it in a shop on level 7 of the Dungeon)

   rPois:     It protects you from poison.
Jewellery
 p - a ring of protection from fire (left hand)
 q - an amulet of reflection
Wands
 r - a wand of flame (54)
 s - a wand of quicksilver (3)
Scrolls
 e - 4 scrolls of amnesia
 k - 4 scrolls of noise
 J - a scroll of blinking
 M - 2 scrolls of enchant armour
Potions
 g - a potion of magic
 m - 12 potions of curing
 t - a potion of cancellation
 u - a potion of attraction {unknown}
 D - 3 potions of mutation {unknown}
 F - a potion of haste
 H - a potion of berserk rage {unknown}
 N - a potion of flight {unknown}


   Skills:
 + Level 5.2 Fighting
 + Level 5.7 Dodging
 + Level 6.3 Stealth
 + Level 5.2 Spellcasting
 + Level 5.5 Conjurations
 - Level 5.0 Hexes
 - Level 3.0 Translocations
 + Level 6.2 Fire Magic


You couldn't memorise any spells.
You knew the following spells:

 Your Spells              Type           Power      Damage    Failure   Level
a - Foxfire               Conj/Fire      100%       2x1d9     1%          1
b - Scorch                Fire           86%        2d8       1%          2
c - Inner Flame           Hex/Fire       40%        N/A       2%          3
d - Blink                 Tloc           48%        N/A       3%          2
e - Tukima's Dance        Hex            36%        N/A       3%          3
f - Ensorcelled Hibernat  Hex/Ice        44%        N/A       4%          2
g - Flame Wave            Conj/Fire      41%        2d11      8%          4
h - Wereblood             Tmut           7%         N/A       13%         2

Your spell library contained the following spells:

 Spells                   Type           Power      Damage    Failure   Level
 Kiss of Death            Conj/Necr      92%        2d12      2%          1
 Confusing Touch          Hex            36%        N/A       3%          3
 Volatile Blastmotes      Fire/Tloc      68%        2d15      3%          3
 Passwall                 Tmut/Erth      5%         N/A       13%         2
 Sublimation of Blood     Necr           7%         N/A       13%         2
 Vhi's Electric Charge    Tloc/Air       32%        N/A       14%         3
 Swiftness                Air            7%         N/A       26%         3
 Manifold Assault         Tloc           24%        N/A       26%         4
 Passage of Golubria      Tloc           24%        N/A       26%         4
 Arcjolt                  Conj/Air       11%        1d21      58%         5
 Dispel Undead            Necr           7%         3d8       65%         4
 Yara's Violent Unravell  Hex/Tmut       11%        3d6       65%         5
 Summon Cactus Giant      Summ           3%         N/A       100%        6
 Storm Form               Tmut/Air       3%         N/A       100%        7
 Summon Hydra             Summ           3%         N/A       100%        7
 Borgnjor's Revivificati  Necr           3%         N/A       100%        8
 Maxwell's Capacitive Co  Air            3%         ∞         100%        8
 Necromutation            Tmut/Necr      3%         N/A       100%        8
 Death's Door             Necr           3%         N/A       100%        9


Dungeon Overview and Level Annotations

Branches:
Dungeon (9/15)             Temple (0/1) D:7            Lair (1/5) D:8
Ossuary (visited)          Bailey (visited)
    Orc: D:9-12

Shops:
D:2 !   D:7 [(

Annotations:
D:9 Amaemon
Lair:1 Fannar


Innate Abilities, Weirdness & Mutations

You have an increased reservoir of magic. (+10% MP)
You shall have no god before yourself.
Your divine heritage dramatically boosts your attributes as you level up.


Message History

You are no longer poisoned.
You hear an angry hiss.
Fannar hits you but does no damage. Fannar freezes you.
The ice beast attacks as you move away! The ice beast barely misses you.
Aiming: Quicksilver Bolt
Press: ? - help, Shift-Dir - straight line, f - ice beast, p - Fannar
Aim: an ice beast (severely wounded, summoned, more vulnerable to fire, 71% to hit)
The bolt of dispelling energy hits Fannar!
Fannar is almost dead.
Fannar's magical effects unravel!
The bolt of dispelling energy hits the ice beast!
The ice beast is almost dead.
The ice beast's magical effects unravel!
Fannar hits you with a staff of cold. Fannar freezes you!
Aiming: Quicksilver Bolt
Press: ? - help, Shift-Dir - straight line, f - Fannar
Aim: Fannar, wielding a staff of cold and wearing a +1 robe of cold resistance (almost dead, 53% to hit)
The bolt of dispelling energy hits Fannar!
Fannar is almost dead.
Fannar gestures wildly while chanting.
Fannar drains the heat from the surrounding environment!
* * * LOW HITPOINT WARNING * * *
Aiming: Quicksilver Bolt
Press: ? - help, Shift-Dir - straight line, f - ice beast, p - Fannar
Aim: an ice beast (almost dead, summoned, 71% to hit)
The bolt of dispelling energy misses Fannar.
The bolt of dispelling energy hits the ice beast!
You kill the ice beast!
The ice beast disappears in a puff of smoke!
Fannar hits you with a staff of cold.
* * * LOW HITPOINT WARNING * * *
Fannar freezes you.
* * * LOW HITPOINT WARNING * * *
Aiming: Quicksilver Bolt
Press: ? - help, Shift-Dir - straight line, f - Fannar
Aim: Fannar, wielding a staff of cold and wearing a +1 robe of cold resistance (almost dead, 53% to hit)
The bolt of dispelling energy misses Fannar.
Fannar gestures at you while chanting. The bolt of cold hits you!!
You die...

.......... . . .......##.
## .#.## . ...........
...... . #.##..##..#
......#
.###.##...##$#####P......
.<......................
...............##.#.#.##.
.........................
...............#@#†.....#
.................e§......
#.#.#.####.....#####.###.
#.#.#.##P#.....###.#
.....................
..P####..#####.###.# .#
#..# .# .... .. #.### ###


You could see Fannar.

Vanquished Creatures
  An elephant (D:8)
  A cane toad (Lair:1)
  A hornet (D:8)
  A wyvern (D:8)
  A human (Bailey)
  6 yaks (D:8)
  A steam dragon (D:6)
  Menkaure (D:7)
  3 water moccasins
  2 ice beasts
  3 sky beasts
  3 orc warriors
  5 black bears
  An ogre (D:7)
  3 centaurs
  A kobold brigand (D:7)
  8 bullfrogs
  A gnoll sergeant (D:7)
  2 scorpions
  3 wights (D:8)
  2 electric eels (D:7)
  2 howler monkeys (D:8)
  A crimson imp (D:5)
  2 hounds
  6 orc priests
  A human zombie (Ossuary)
  2 sleepcaps
  3 iguanas
  17 orc wizards
  2 hound zombies (Ossuary)
  4 mummies (Ossuary)
  6 adders
  5 gnolls (D:7)
  2 shadow imps
  2 white imps
  An ufetubus (D:7)
  An adder zombie (Ossuary)
  A worm (D:4)
  A dart slug (D:5)
  26 orcs
  4 endoplasms
  6 giant cockroaches
  8 goblins
  6 hobgoblins
  7 kobolds
  10 quokkas
  7 ball pythons
  5 bats
  3 frilled lizards
  A hobgoblin zombie (Ossuary)
  2 kobold zombies (Ossuary)
  An orc zombie (Ossuary)
  5 rats
  4 rat zombies (Ossuary)
204 creatures vanquished.

Vanquished Creatures (collateral kills)
  2 wights (D:8)
  2 orcs (D:8)
4 creatures vanquished.

Vanquished Creatures (others)
  2 dancing weapons (D:8)
  An orc wizard (D:6)
  82 foxfires
85 creatures vanquished.

Grand Total: 293 creatures vanquished

Notes
Turn   | Place    | Note
-------+----------+-------------------------------------------
     0 | D:1      | croobank the Demigod Fire Elementalist began the quest for
                  | the Orb.
     0 | D:1      | Reached XP level 1. HP: 14/14 MP: 5/5
    81 | D:1      | Reached skill level 1 in Conjurations
   431 | D:1      | Reached XP level 2. HP: 20/20 MP: 7/7
   434 | D:1      | Learned a level 2 spell: Scorch
   765 | D:2      | Found Binon's Distillery.
   906 | D:2      | Bought a potion of curing for 42 gold pieces
  1402 | D:2      | Reached XP level 3. HP: 27/27 MP: 8/8
  1406 | D:2      | Learned a level 3 spell: Inner Flame
  2180 | D:4      | Reached skill level 1 in Fighting
  2283 | D:4      | Reached XP level 4. HP: 30/35 MP: 4/9
  2635 | D:4      | Reached skill level 1 in Hexes
  2635 | D:4      | Reached XP level 5. HP: 33/40 MP: 0/11
  3116 | D:5      | Entered Level 5 of the Dungeon
  3116 | D:5      | Noticed an ice beast
  3123 | D:5      | Killed an ice beast
  3124 | D:5      | Reached XP level 6. HP: 48/48 MP: 2/12
  3543 | D:5      | Reached XP level 7. HP: 55/55 MP: 9/14
  4587 | D:6      | Reached XP level 8. HP: 58/63 MP: 9/16
  4658 | D:6      | Identified the +0 robe "Erchyuch" {rN+ Dex+3}
  5418 | D:7      | Found Widouh's Armour Boutique.
  5436 | D:7      | Found a transporter.
  5471 | D:7      | Found a flagged portal.
  5569 | Bailey   | Entered a bailey
  5615 | Bailey   | Learned a level 2 spell: Blink
  5619 | Bailey   | Learned a level 3 spell: Tukima's Dance
  5889 | D:7      | Reached skill level 5 in Fire Magic
  6187 | D:7      | Reached skill level 5 in Stealth
  6303 | D:7      | Found a staircase to the Ecumenical Temple.
  6316 | D:7      | Reached XP level 9. HP: 42/71 MP: 9/18
  6590 | D:7      | Found a transporter.
  6870 | D:7      | Reached skill level 1 in Translocations
  7223 | D:7      | Noticed Menkaure
  7227 | D:7      | Killed Menkaure
  7424 | D:7      | Found Illog's Weapon Boutique.
  7464 | D:8      | Reached skill level 5 in Dodging
  7642 | D:8      | Found a sand-covered staircase.
  7647 | Ossuary  | Entered an ossuary
  8043 | Ossuary  | Identified the +2 robe "Tusm" {-Cast rCorr Str+3}
  8168 | D:8      | Noticed an elephant
  8748 | D:8      | Reached skill level 5 in Conjurations
  9022 | D:7      | Learned a level 2 spell: Ensorcelled Hibernation
  9039 | D:8      | Killed an elephant
  9040 | D:8      | Reached XP level 10. HP: 43/80 MP: 4/21
  9172 | D:8      | Found a staircase to the Lair.
  9202 | D:8      | Reached skill level 5 in Fighting
  9205 | D:8      | Reached skill level 5 in Spellcasting
  9395 | D:8      | Learned a level 4 spell: Flame Wave
  9398 | D:8      | Learned a level 2 spell: Wereblood
 10122 | D:7      | Bought the +1 leather armour "Beot" {rPois} for 200 gold
                  | pieces
 10151 | D:9      | Noticed Amaemon
 10162 | D:9      | Noticed a two-headed ogre
 10168 | D:9      | Reached skill level 5 in Hexes
 10171 | D:9      | HP: 4/81 [orc/+0 war axe (2)]
 10412 | Lair:1   | Entered Level 1 of the Lair of Beasts
 10447 | Lair:1   | Noticed Fannar
 10460 | Lair:1   | Killed from afar by Fannar

Illustrated notes

Levels and vault maps discovered:
D:1:      amcnicky_arrival_choice, layout_basic
D:2:      layout_loops_cross, serial_shops, nicolae_shop_tiny_waterfront,
          minmay_misc_feat_pillars
D:3:      layout_rooms, hellmonk_ecumenical_altar_slurped_away, grunt_decor_cap
D:4:      layout_rooms, nicolae_overflow_two_pavilions, lemuel_tele_altar,
          minmay_misc_feat_secret_circle, minmay_a_box_with_orc_wizards_in_it
D:5:      layout_basic, minmay_fire_ice_demons
D:6:      layout_loops_ring, mainiacjoe_overflow_divided_tiny,
          lemuel_round_altar, chequers_serial_rivers_micro_a
D:7:      gammafunk_steamed_eel, layout_basic, minmay_temple_entry_wispy,
          serial_shops, shop_statue, shop, enter_bailey_3, uniq_menkaure
D:8:      layout_loops_ring, mainiacjoe_overflow_alcove_2, david_lair_generic,
          enter_ossuary_5
D:9:      layout_loops_cross, uniq_amaemon, uniq_grum
Lair:1:   layout_long_grid, uniq_fannar, uniq_prince_ribbit2

Skill      XL: |  1  2  3  4  5  6  7  8  9 10 |
---------------+-------------------------------+-----
Conjurations   | 1 2 3 4 5 |  5.5
Stealth        | 2 3 4 5 6 |  6.3
Dodging        | 2 3 4 5 |  5.7
Spellcasting   | 2 3 4 5 |  5.2
Fire Magic     | 3 4 5 6 |  6.2
Fighting       | 1 2 3 4 5 |  5.2
Hexes          | 1 2 3 4 5 |  5.0
Translocations | 2 3 |  3.0

Action                     |  1- 3 |  4- 6 |  7- 9 | 10-12 || total
---------------------------+-------+-------+-------+-------++-------
  Melee: Spear             |       |       |    15 |       ||    15
         Long sword        |       |       |    37 |    28 ||    65
         Hand axe          |       |       |    14 |       ||    14
         Punch             |       |       |     2 |     1 ||     3
         Dagger            |       |       |       |     2 ||     2
   Fire: Arbalest          |    71 |    39 |   141 |       ||   251
   Cast: Foxfire           |    15 |     1 |    26 |     6 ||    48
         Scorch            |    21 |    23 |   138 |    24 ||   206
         Tukima's Dance    |       |       |     6 |     2 ||     8
         Blink             |       |       |     1 |       ||     1
         Inner Flame       |       |       |     1 |       ||     1
         Ensorcelled Hiber |       |       |       |     5 ||     5
         Wereblood         |       |       |       |     1 ||     1
         Flame Wave        |       |       |       |     1 ||     1
  Evoke: Wand              |       |       |     3 |    11 ||    14
    Use: Scroll            |     3 |     1 |    14 |     7 ||    25
         Potion            |       |     1 |     6 |     3 ||    10
   Stab: Sleeping          |       |       |     1 |     2 ||     3
 Armour: Robe              |     2 |     6 |    74 |     7 ||    89
         Leather armour    |       |       |       |     1 ||     1
  Dodge: Dodged            |    15 |    17 |   245 |    50 ||   327
